Map: Ultralove

Players

Lambo

  • Race: Zerg Zerg
  • Spawn Location: 1:00

LiquidClem (Clem) - Winner!

  • Race: Terran Terran
  • Spawn Location: 7:00

Event: FEL Cracov 2025

VOD

Have the link to the VOD?

Description

Time

  • Played on: July 27, 2025, 3:36 p.m.
  • Length: 5:36

All games in this series

Show
View Real Time Build Order
Export as new Build Order

Lambo Zerg 

Build Orders: Hatch First 

Get SALT Encoding   

  12  0:00  Drone  
  13  0:08  Drone  
  14  0:14  Extractor  
  14  0:15  Drone  
  15  0:21  Overlord  
  15  0:39  Drone  
  16  0:45  Hatchery  
  16  0:48  Drone  
  16  0:52  Drone  
  16  0:56  Drone  
  18  1:06  Extractor  
  18  1:11  Spawning Pool  
  16  1:14  Drone  
  16  1:18  Drone  
  18  1:26  Drone  
  19  1:37  Drone  
  20  1:43  Hatchery  
  19  1:49  Drone  
  20  1:57  Queen  
  20  1:59  Zergling x2  
  23  2:02  Zergling x2  
  24  2:12  Queen  
  26  2:19  Overlord  
  26  2:22  Drone  
  27  2:24  Drone  
  28  2:38  Drone x3  
  28  2:40  Drone  
  33  2:44  Drone  
  33  2:45  Metabolic Boost  
  33  2:49  Spore Crawler  
  32  2:53  Drone  
  32  2:56  Queen  
  36  2:59  Overlord  
  36  3:01  Drone  
  36  3:03  Drone  
  38  3:07  Drone  
  38  3:11  Drone  
  40  3:13  Drone  
  40  3:14  Drone  
  40  3:18  Queen  
  44  3:22  Drone x2  
  44  3:23  Drone  
  47  3:27  Zergling x2  
  47  3:29  Drone x2  
  47  3:32  Overlord  
  50  3:47  Evolution Chamber x2  
  48  3:48  Drone x2  
  48  3:50  Drone x2  
  48  3:54  Drone x4  
  58  4:01  Overlord  
  58  4:05  Overlord  
  58  4:07  Overlord  
  58  4:09  Queen  
  57  4:10  Evolution Chamber  
  57  4:12  Evolution Chamber  
  57  4:13  Zergling x2  
  60  4:18  Overlord  
  60  4:19  Overlord  
  60  4:22  Zergling x8  
  60  4:23  Overlord  
  64  4:25  Drone, Queen  
  64  4:28  Drone  
  64  4:29  Drone  
  69  4:33  Extractor, Drone  
  69  4:36  Drone  
  69  4:37  Zergling x2  
  71  4:39  Drone  
  71  4:42  Evolution Chamber, Drone  
  68  4:45  Drone x2  
  68  4:52  Zergling x4  
  69  4:53  Zergling x2  
  69  4:54  Drone x2  
  69  4:55  Spore Crawler  
  71  5:03  Drone x4  
  71  5:11  Spore Crawler  
  69  5:14  Drone  
  69  5:21  Spore Crawler, Drone x4  
  65  5:23  Drone  
Show
View Real Time Build Order
Export as new Build Order

LiquidClem Terran - Winner!

Build Orders: Reaper Expand, Hellion Banshee 

Get SALT Encoding   

  12  0:00  SCV  
  13  0:12  SCV  
  14  0:16  Supply Depot  
  14  0:24  SCV  
  15  0:38  SCV  
  15  0:40  Barracks  
  15  0:42  Refinery  
  16  0:50  SCV  
  17  1:02  SCV  
  18  1:14  SCV  
  19  1:27  Orbital Command  
  19  1:28  Reaper  
  20  1:38  Command Center  
  20  1:46  Supply Depot  
  20  1:52  SCV  
  21  2:00  Marine  
  22  2:05  SCV  
  23  2:10  Factory  
  23  2:17  SCV  
  23  2:20  Barracks Reactor  
  24  2:29  SCV  
  25  2:38  Command Center  
  25  2:41  SCV  
  26  2:50  Orbital Command  
  26  2:53  SCV  
  27  3:00  Hellion x2  
  27  3:05  SCV  
  32  3:09  Starport  
  32  3:12  Refinery  
  32  3:13  Barracks Tech Lab  
  32  3:15  SCV  
  32  3:18  SCV  
  34  3:22  Hellion  
  34  3:25  Hellion  
  38  3:28  SCV  
  38  3:30  SCV  
  40  3:40  SCV  
  42  3:42  SCV  
  43  3:50  Hellion x2  
  43  3:52  Orbital Command, SCV  
  43  3:54  Banshee  
  50  3:56  Marine  
  50  3:57  SCV  
  52  4:02  Cloaking Field  
  52  4:04  Supply Depot  
  52  4:05  SCV  
  52  4:09  SCV  
  55  4:17  SCV, Barracks Tech Lab  
  55  4:18  SCV  
  55  4:22  Barracks  
  55  4:24  SCV  
  57  4:25  Factory Reactor  
  57  4:26  Barracks  
  57  4:28  Supply Depot  
  57  4:29  SCV  
  57  4:30  SCV  
  59  4:37  SCV, Banshee  
  59  4:38  Refinery, Marine  
  63  4:42  SCV  
  65  4:47  Refinery  
  65  4:48  SCV  
  65  4:49  SCV  
  63  4:54  SCV, Engineering Bay  
  63  4:55  Engineering Bay  
  63  4:56  Marine  
  61  5:00  SCV  
  61  5:01  SCV  
  61  5:06  SCV  
  64  5:14  Marine  
  62  5:15  Supply Depot, Barracks x2, SCV  
  62  5:17  SCV  
  62  5:18  Factory Reactor  
  64  5:22  SCV  
Tags
 
Add a new tag
Caveats
  • Supply blocks, unpowered buildings, or Contaminate may cause inaccurate times.
  • Supply counts are checked every 10 seconds.